 Dungeon Crawl Stone Soup version 0.22.1-5-g62c59d9 (webtiles) character file.

100 wyoknott the Skirmisher (level 4, -5/61 HPs)
             Began as a Hill Orc Fighter on Jan 12, 2019.
             Slain by a sky beast (6 damage)
             ... on level 2 of the Dungeon.
             The game lasted 00:04:11 (1128 turns).

wyoknott the Skirmisher (Hill Orc Fighter)          Turns: 1128, Time: 00:04:11

Health: -5/61      AC: 22    Str: 19    XL:     4   Next: 73%
Magic:  4/4        EV:  2    Int:  8    God:
Gold:   63         SH:  9    Dex: 10    Spells: 3/3 levels left

rFire    . . .     SeeInvis .   a - +0 war axe
rCold    . . .     Gourm    .   c - +0 shield
rNeg     + + +     Faith    .   (armour currently unavailable)
rPois    +         Spirit   .   (helmet currently unavailable)
rElec    .         Reflect  .   (cloak currently unavailable)
rCorr    .         Harm     .   (gloves currently unavailable)
MR       .....     NoTele   +   (boots currently unavailable)
Stlth    +.........             (no amulet)
HPRegen  0.20/turn              (no ring)
MPRegen  0.09/turn              (no ring)

@: tree-form
A: deterioration 1, wild magic 1
a: no special abilities


You were on level 2 of the Dungeon.
You were not hungry.
You were a tree.
You visited 1 branch of the dungeon, and saw 2 of its levels.

You collected 63 gold pieces.

Inventory:

Hand Weapons
 a - a +0 war axe (weapon)
Armour
 b - a +0 scale mail
 c - a +0 shield (worn)
 e - a +0 chain mail (melded)
 j - a +0 plate armour
Scrolls
 h - 2 scrolls of teleportation
 k - a scroll of enchant weapon {unknown}
 m - a scroll of identify
Potions
 d - a potion of might
 g - 2 potions of mutation
 l - a potion of resistance {unknown}
 n - a potion of brilliance {unknown}
Comestibles
 f - 2 rations


   Skills:
 + Level 4.4 Fighting
 + Level 4.3 Axes
 + Level 3.9 Armour
 + Level 3.9 Shields


You had 3 spell levels left.
You didn't know any spells.
Your spell library was empty.

Dungeon Overview and Level Annotations

Branches:
Dungeon (2/15)

Altars:


Innate Abilities, Weirdness & Mutations

((You are partially covered in icy blue scales. (AC +2)))
Your body sometimes deteriorates upon taking damage.
Your spells are a little harder to cast, but a little more powerful.


Message History

* * * LOW HITPOINT WARNING * * *
You miss something. Something hits you but does no damage.
You closely miss something. Something hits you but does no damage.
Something hits you.
* * * LOW HITPOINT WARNING * * *
Something shocks you.
* * * LOW HITPOINT WARNING * * *
It was a potion of mutation.
You feel extremely strange.
You feel yourself wasting away.
Icy blue scales grow over part of your body.
You feel less in control of your magic. Something hits you but does no damage.
You turn into a tree.
Your +0 chain mail melds into your body.
Your roots penetrate the ground.
Something hits you but does no damage. Something hits you but does no damage.
Something hits you.
* * * LOW HITPOINT WARNING * * *
Something shocks you.
You die...

#.#
#.##.##.......
#.#
#.##.##...####
#.####.##.##...#
#...##.##.##...#
#.#....##.......
#..(########...##
#..## #..#
#{♣#######
#......... ##.#
#..[...#.. ....
#..###.... ....
#..# #.. ##.#
#.[# . ...# #..#
.).. #..# ####
#... #


There were no monsters in sight!

Vanquished Creatures
  A howler monkey (D:2)
  An adder (D:2)
  An ooze (D:2)
  A worm (D:2)
  2 dart slugs (D:2)
  2 leopard geckos (D:1)
  2 giant cockroaches (D:2)
  5 hobgoblins
  6 jackals
  2 bats (D:1)
  6 frilled lizards
  6 goblins
  6 kobolds
  A rat (D:2)
42 creatures vanquished.

Notes
Turn   | Place    | Note
-------+----------+-------------------------------------------
     0 | D:1      | wyoknott the Hill Orc Fighter began the quest for the Orb.
     0 | D:1      | Reached XP level 1. HP: 19/19 MP: 1/1
   138 | D:1      | Reached XP level 2. HP: 14/27 MP: 2/2
   588 | D:1      | Reached XP level 3. HP: 33/33 MP: 3/3
   791 | D:2      | Reached XP level 4. HP: 37/40 MP: 4/4
  1108 | D:2      | Noticed a sky beast
  1124 | D:2      | HP: 1/41 [something (5)]
  1125 | D:2      | Gained mutation: Your body sometimes deteriorates upon
                  | taking damage. [potion of mutation]
  1125 | D:2      | Gained mutation: You are partially covered in icy blue
                  | scales. (AC +2) [potion of mutation]
  1125 | D:2      | Gained mutation: Your spells are a little harder to cast,
                  | but a little more powerful. [potion of mutation]
  1128 | D:2      | Slain by a sky beast

Skill      XL: |  1  2  3 |
---------------+----------+-----
Axes           | 3 4 |  4.3
Fighting       | 4 |  4.4
Armour         | |  3.9
Shields        | |  3.9

Action                   |  1- 3 |  4- 6 || total
-------------------------+-------+-------++-------
Melee: War axe           |    93 |    61 ||   154
  Use: Scroll            |       |     3 ||     3
       Potion            |       |     2 ||     2
  Eat: Ration            |       |     1 ||     1
Armor: Chain mail        |   104 |    29 ||   133
       Skin              |       |     2 ||     2
Dodge: Dodged            |    24 |    19 ||    43
Block: Shield            |    79 |    21 ||   100
